 Dungeon Crawl Stone Soup version 0.20.1-1-g8b1a95d (webtiles) character file.

98 vineage the Shield-Bearer (level 4, 0/29 HPs)
             Began as a Gargoyle Fighter on Sept 22, 2017.
             Slain by a worm (7 damage)
             ... on level 2 of the Dungeon.
             The game lasted 00:02:39 (1593 turns).

vineage the Shield-Bearer (Gargoyle Fighter)        Turns: 1593, Time: 00:02:39

Health: 0/29       AC: 10    Str: 21    XL:     4   Next: 69%
Magic:  4/4        EV:  7    Int:  8    God:
Gold:   110        SH:  9    Dex:  9    Spells: 3/3 levels left

rFire    . . .     SeeInvis .   a - +0 flail
rCold    . . .     Gourm    .   c - +0 shield
rNeg     + . .     Faith    .   b - +0 scale mail
rPois    ∞         Spirit   .   (no helmet)
rElec    +         Reflect  .   (no cloak)
rCorr    .         Harm     .   (no gloves)
MR       .....                  (no boots)
Stlth    ..........             (no amulet)
Regen    0.1/turn               (no ring)
MPRegen  0.1/turn               (no ring)

@: no status effects
A: negative energy resistance 1, electricity resistance, unbreathing,
petrification resistance, rot immunity, AC +3
a: no special abilities


You were on level 2 of the Dungeon.
You were hungry.

You visited 1 branch of the dungeon, and saw 2 of its levels.

You collected 110 gold pieces.

Inventory:

Hand Weapons
 a - a +0 flail (weapon)
Armour
 b - a +0 scale mail (worn)
 c - a +0 shield (worn)
Jewellery
 k - a +3 ring of protection {unknown}
 l - an uncursed ring of see invisible {unknown}
Scrolls
 j - a scroll of fear
 m - a scroll of recharging {unknown}
 o - a scroll of enchant weapon {unknown}
Potions
 d - 2 potions of might
 e - a potion of flight {unknown}
 g - a potion of heal wounds
 i - a potion of agility
Comestibles
 f - a bread ration
 n - a meat ration


   Skills:
 + Level 3.7 Fighting
 + Level 2.7 Maces & Flails
 + Level 4.0 Armour
 + Level 0.4 Dodging
 + Level 4.3 Shields


You had 3 spell levels left.
You didn't know any spells.

Dungeon Overview and Level Annotations

Branches:
Dungeon (2/15)

Altars:
Makhleb
Trog
Zin


Innate Abilities, Weirdness & Mutations

You are resistant to torment.
Your stone body is resilient. (AC +3)
You are immune to poison.
You resist negative energy. (rN+)
You are resistant to electric shocks. (rElec)
You can survive without breathing.
You are immune to petrification.
You are immune to rotting.


Message History

You block the rat's attack. The worm bites you!
* * * LOW HITPOINT WARNING * * *
The worm bites you but does no damage.
You are too injured to fight recklessly!
You are too injured to fight recklessly!
You are too injured to fight recklessly!
You are too injured to fight recklessly!
You are too injured to fight recklessly!
You are too injured to fight recklessly!
You are too injured to fight recklessly!
You are too injured to fight recklessly!
You are too injured to fight recklessly!
You are too injured to fight recklessly!
You are too injured to fight recklessly!
You are too injured to fight recklessly!
You are too injured to fight recklessly!
You are too injured to fight recklessly!
You are too injured to fight recklessly!
You block the rat's attack. x2; The worm bites you!
You die...

#.# #....# #####
#.##################....#####....
..............................>##
#.##################....#.###..#
#......####### #######..#.# #..#
..............##....###.#.###..#
...#.......# ##...r...##.......#
...#.#.###.# #..www....##.####.#
...#.#...#.###..@.#....##.# #.##
.....#.#.#..##..r###....#.# #...
...###.#.#.......#y#._..#.# ####
...# ###.#.###...###...)#.# ...#
#....##....#....##.# ...#
###.#.#.......))##.####### ...#
#.#.##......)##......... ####
##.#.###....#####.##..###
#......##########.##..<##


You could see a moth of wrath, 3 worms and 2 rats.

Vanquished Creatures
  Robin (D:1)
  A gnoll (D:1)
  5 adders
  A worm (D:2)
  12 goblins
  3 hobgoblins (D:1)
  3 bats
  A frilled lizard (D:1)
  3 kobolds
  3 rats
33 creatures vanquished.

Notes
Turn   | Place    | Note
-------+----------+-------------------------------------------
     0 | D:1      | vineage the Gargoyle Fighter began the quest for the Orb.
     0 | D:1      | Reached XP level 1. HP: 14/14 MP: 1/1
   246 | D:1      | Reached XP level 2. HP: 19/19 MP: 2/2
   649 | D:2      | Noticed Robin
   668 | D:1      | Reached XP level 3. HP: 8/23 MP: 3/3
  1140 | D:1      | Killed Robin
  1155 | D:1      | HP: 1/23 [adder (2)]
  1163 | D:1      | Reached XP level 4. HP: 20/28 MP: 4/4
  1218 | D:2      | Found a burning altar of Makhleb.
  1221 | D:2      | Noticed a blizzard demon
  1223 | D:2      | Found a glowing silver altar of Zin.
  1223 | D:2      | Noticed an angel
  1580 | D:2      | Noticed a moth of wrath
  1583 | D:2      | Found a bloodstained altar of Trog.
  1593 | D:2      | Slain by a worm

Skill      XL: |  1  2  3  4 |
---------------+-------------+-----
Shields        | 4 |  4.3
Armour         | 4 |  4.0
Fighting       | |  3.7
Maces & Flails | |  2.7
Dodging        | |  0.4

Action                   |  1- 3 |  4- 6 || total
-------------------------+-------+-------++-------
Melee: Flail             |   105 |    76 ||   181
  Use: Potion            |     1 |     1 ||     2
       Scroll            |       |     3 ||     3
  Eat: Chunk             |       |     2 ||     2
Armor: Scale mail        |   110 |    47 ||   157
Dodge: Dodged            |    55 |    22 ||    77
Block: Shield            |    99 |    44 ||   143
